 Dungeon Crawl Stone Soup version 0.31-a0-246-g8cbcc1cb85 (webtiles) character file.

Game seed: 11571406461956526110

81620 cforsyth the Mimic (level 15, -24/168 HPs)
             Began as an Ogre Shapeshifter on July 12, 2023.
             Was a Priest of Hepliaklqana.
             Killed from afar by Azrael (31 damage)
             ... with a bolt of fire
             ... on level 2 of the Orcish Mines.
             The game lasted 00:36:38 (24424 turns).

cforsyth the Mimic (Ogre Shapeshifter)             Turns: 24424, Time: 00:36:39

Health: -24/168    AC: 10    Str: 40      XL:     15   Next: 71%
Magic:  15/15      EV: 13    Int:  9 (12) God:    Hepliaklqana [***...]
Gold:   1960       SH:  0    Dex:  9      Spells: 14/14 levels left

rFire   . . .        r - melded +12 short sword of Descent {speed, rC+}
rCold   . . .        (shield currently unavailable)
rNeg    . . .        P - melded +0 troll leather armour
rPois   +            (helmet currently unavailable)
rElec   .            (cloak currently unavailable)
rCorr   .            (gloves unavailable)
SInv    .            (boots unavailable)
Will    ++...        (no amulet)
Stlth   +            Y - ring "Menket" {rPois Will+ Str+6 Int+3}
HPRegen 0.48/turn    u - +4 ring of slaying
MPRegen 0.14/turn

%: clarity
@: about to teleport, snake-form, studying Ice Magic
A: constrict, amphibious, boosted hp, reduced essence, large, unfitting armour,
(tough skin 1), clarity
a: Renounce Religion, Recall Ancestor, Ancestor Identity, Transference


You were on level 2 of the Orcish Mines.
You worshipped Hepliaklqana.
Hepliaklqana was most pleased with you.
You were an enormous anaconda.
You visited 4 branches of the dungeon, and saw 20 of its levels.
You also visited: Sewer and Ice Cave.

You collected 1960 gold pieces.

Inventory:

Hand Weapons
 r - the +12 short sword of Descent (melded) {speed, rC+}
   (You found it on level 4 of the Dungeon)

   rC:        It protects you from cold.
Missiles
 W - 3 throwing nets
Armour
 a - a +0 animal skin
 P - a +0 troll leather armour (melded)
Jewellery
 f - a ring of ice
 l - a ring of flight
 u - a +4 ring of slaying (right hand)
 M - a ring of willpower
 N - a ring of resist corrosion
 O - a ring of magical power
 Q - a +4 ring of protection
 S - a ring of protection from fire
 V - a ring of protection from cold
 X - a ring of protection from cold
 Y - the ring "Menket" (left hand) {rPois Will+ Str+6 Int+3}
   (You found it on level 5 of the Lair of Beasts)

   [ring of strength]

   Str:       It affects your strength (+6).
   Int:       It affects your intelligence (+3).
   rPois:     It protects you from poison.
   Will:      It increases your willpower.
Talismans
 c - a beast talisman
 k - a serpent talisman
 G - a blade talisman
Wands
 s - a wand of charming (10)
 t - a wand of quicksilver (22)
 z - a wand of polymorph (23)
 A - a wand of flame (54)
 E - a wand of digging (18)
Scrolls
 e - 4 scrolls of teleportation
 i - 3 scrolls of blinking
 n - 2 scrolls of immolation
 w - a scroll of fog
 y - 2 scrolls of revelation
 B - 2 scrolls of torment
 C - 2 scrolls of amnesia
 D - 5 scrolls of poison
 F - 2 scrolls of fear
 I - a scroll of acquirement
 J - 3 scrolls of enchant weapon
 T - a scroll of identify
 U - a scroll of summoning
Potions
 b - 2 potions of lignification
 d - 4 potions of haste
 g - 2 potions of cancellation
 h - a potion of berserk rage
 j - 4 potions of magic
 m - 4 potions of attraction
 o - 4 potions of mutation
 p - 5 potions of might
 q - 2 potions of resistance
 v - 3 potions of invisibility
 x - 10 potions of heal wounds
 H - 3 potions of curing
 K - 4 potions of enlightenment
 L - 3 potions of ambrosia
 R - 2 potions of brilliance


   Skills:
 - Level 11.7 Fighting
 + Level 12.2 Dodging
 + Level 14.2 Unarmed Combat
 + Level 14.7 Shapeshifting


You had 14 spell levels left.
You didn't know any spells.
Your spell library contained the following spells:

 Spells                   Type           Power      Damage    Failure   Level
 Blink                    Tloc           0%         N/A       96%         2
 Passwall                 Tmut/Erth      0%         N/A       96%         2
 Sublimation of Blood     Necr           0%         N/A       96%         2
 Wereblood                Tmut           0%         N/A       96%         2
 Frozen Ramparts          Ice            0%         1d1       99%         3
 Hailstorm                Conj/Ice       0%         3d3       99%         3
 Ozocubu's Armour         Ice            0%         N/A       99%         3
 Portal Projectile        Hex/Tloc       0%         N/A       99%         3
 Tukima's Dance           Hex            0%         N/A       99%         3
 Iskenderun's Mystic Bla  Conj/Tloc      0%         2d3       100%        4
 Manifold Assault         Tloc           0%         N/A       100%        4
 Passage of Golubria      Tloc           0%         N/A       100%        4
 Petrify                  Tmut/Erth      0%         N/A       100%        4
 Summon Ice Beast         Ice/Summ       0%         N/A       100%        4
 Alistair's Intoxication  Tmut/Pois      0%         N/A       100%        5
 Metabolic Englaciation   Hex/Ice        0%         N/A       100%        5
 Silence                  Hex/Air        0%         N/A       100%        5
 Simulacrum               Ice/Necr       0%         N/A       100%        6
 Ozocubu's Refrigeration  Ice            0%         4d7       100%        7
 Summon Hydra             Summ           0%         N/A       100%        7
 Lehudib's Crystal Spear  Conj/Erth      0%         10d2      100%        8


Dungeon Overview and Level Annotations

Branches:
Dungeon (12/15)            Temple (1/1) D:7            Lair (5/5) D:11
  Swamp (0/4) Lair:2        Snake (0/4) Lair:3        Slime (0/5) Lair:4
    Orc (2/2) D:11          Sewer (visited)           IceCv (visited)
    Elf: Orc:2

Altars:
Ashenzari
Cheibriados
Dithmenos
Fedhas
Gozag
Hepliaklqana
Kikubaaqudgha
Makhleb
Nemelex Xobeh
Okawaru
Qazlal
Ru
Sif Muna
Trog
Uskayaw
Vehumet
Wu Jian
Xom
Yredelemnul
Zin
The Shining One
Jiyva

Shops:
D:1 *   D:8 :   D:11 *   D:12 *(*!*

Annotations:
D:7 3 runed translucent doors, Vadun's ghost, novice MiFi
D:8 1 transporter
D:11 1 runed translucent door, Demosthentine's ghost, journeyman DsGl
Orc:2 Azrael


Innate Abilities, Weirdness & Mutations

You are an enormous anaconda.
You have a powerful constriction melee attack.
You are amphibious.
Your maximum health is increased.
Your spellcasting is less reliable in this form.
Your armour is entirely melded.
You are incapable of wielding weapons or throwing items.
Your life essence is reduced to manifest your ancestor. (-10% HP)
You are too large for most types of armour.
((You have tough skin. (AC +1)))
You possess an exceptional clarity of mind.


Message History

You feel a bit more experienced.
You body-slam the hell hound!!
You kill the hell hound!
The hell hound barely misses you. The fire elemental hits you.
The fire elemental burns you!
The hell hound bites Fikile!
Azrael gestures at you. The bolt of fire hits you!!
You are too injured to fight recklessly!
You are too injured to fight recklessly!
You are too injured to fight recklessly!
You are too injured to fight recklessly!
You are too injured to fight recklessly!
As you read the scroll of teleportation, it crumbles to dust.
You feel strangely unstable. The hell hound barely misses you.
The hell hound bites Fikile.
Fikile is destroyed!
The fire elemental hits you. The fire elemental burns you!
* * * LOW HITPOINT WARNING * * *
The hell hound barely misses you. The hell hound bites you.
* * * LOW HITPOINT WARNING * * *
The fire elemental hits you. The fire elemental burns you!
* * * LOW HITPOINT WARNING * * *
Things that are here:
a +0 dagger; a +0 robe; a +0 hand axe The hell hound bites you.
* * * LOW HITPOINT WARNING * * *
The hell hound bites you but does no damage.
The hell hound attacks as you move away!
The hell hound bites you!
* * * LOW HITPOINT WARNING * * *
The hell hound breathes flames at you.
The blast of flame hits the fire elemental.
The fire elemental completely resists.
The blast of flame hits you!
* * * LOW HITPOINT WARNING * * *
Azrael gestures at you.
The bolt of fire hits the hell hound.
The hell hound completely resists.
The bolt of fire hits the fire elemental.
The fire elemental completely resists.
The bolt of fire hits you!!
You die...

########################
.##...#................#.
.........................
................S........
...............hE........
...............☼)h.......
..............†○)R.......
...............†°........
.........................
.........................
.. .......°......... .
.................


You could see Azrael, a fire elemental and 2 hell hounds.

Vanquished Creatures
  A frost giant (IceCv)
  Nessos (Lair:3)
  A minotaur (D:11)
  Fannar (Orc:1)
  2 hydras
  A catoblepas (Lair:5)
  Erica (Lair:1)
  A boulder beetle (Lair:4)
  A deep troll shaman (Lair:5)
  23 death yaks
  An orc high priest (Orc:2)
  8 two-headed ogres
  Sonja (Lair:2)
  Urug (Orc:1)
  Amaemon (Lair:2)
  A bog body (Lair:2)
  A harpy (shapeshifter) (D:12)
  3 orc knights
  2 lindwurms (Lair:5)
  2 deep elf pyromancers (D:12)
  2 orc sorcerers (Orc:1)
  5 cyclopes
  Joseph (D:9)
  Maurice (D:9)
  21 elephants
  An ice statue (IceCv)
  An orange demon (Lair:2)
  8 black mambas
  10 cane toads
  A gargoyle (D:12)
  A torpor snail (Lair:5)
  8 rime drakes
  8 komodo dragons
  8 polar bears
  3 hornets (D:8)
  Prince Ribbit (Lair:1)
  35 blink frogs
  5 trolls
  2 wyverns
  A wraith (D:11)
  2 shadows
  A fire elemental (Orc:2)
  43 yaks
  5 vampire mosquitoes
  7 basilisks
  3 steam dragons
  A warg (Orc:2)
  4 nagas (Lair:3)
  2 acid dragons
  8 water moccasins
  2 sky beasts
  3 hell hounds (Orc:2)
  9 orc warriors
  3 ogres
  A black bear (D:7)
  27 wolves
  3 centaurs (Lair:4)
  2 phantoms (D:6)
  8 bullfrogs
  2 kobold brigands
  4 scorpions
  5 wights
  11 killer bees
  4 electric eels (D:11)
  A howler monkey (D:10)
  A gnoll bouda (Orc:1)
  4 jellies
  10 orc priests
  8 hounds
  2 iguanas
  11 orc wizards
  8 gnolls
  9 adders
  5 river rats (Sewer)
  A shadow imp (D:6)
  14 white imps
  An ufetubus (D:6)
  2 worms
  A dart slug (D:1)
  44 orcs
  11 ball pythons
  4 bats
  6 endoplasms
  3 giant cockroaches
  13 goblins
  8 hobgoblins
  9 jackals
  7 quokkas
  4 frilled lizards
  27 kobolds
  26 rats
577 creatures vanquished.

Vanquished Creatures (collateral kills)
  A two-headed ogre (Orc:1)
  2 death yaks (Lair:5)
  A blink frog (Lair:5)
  An orc warrior (Orc:2)
  A centaur (Lair:4)
  2 orc wizards
  A gnoll (Orc:1)
  3 orcs
12 creatures vanquished.

Vanquished Creatures (others)
  2 knights
  2 ancestors (Lair:4)
  3 orcs (Orc:2)
7 creatures vanquished.

Grand Total: 596 creatures vanquished

Notes
Turn   | Place    | Note
-------+----------+-------------------------------------------
     0 | D:1      | cforsyth the Ogre Shapeshifter began the quest for the Orb.
     0 | D:1      | Reached XP level 1. HP: 22/22 MP: 1/1
   104 | D:1      | Reached XP level 2. HP: 29/29 MP: 2/2
   104 | D:1      | Found Hata's General Store.
   363 | D:1      | Reached XP level 3. HP: 26/36 MP: 3/3
   508 | D:2      | Found a faded altar of an unknown god.
   720 | D:2      | Found a shimmering altar of Xom.
   936 | D:3      | Reached XP level 4. HP: 22/44 MP: 4/4
  1201 | D:3      | Reached XP level 5. HP: 10/50 MP: 5/5
  1418 | D:3      | Found a glowing golden altar of the Shining One.
  1787 | D:4      | Identified the +12 short sword of Descent {speed, rC+}
  2418 | D:5      | Entered Level 5 of the Dungeon
  2432 | D:5      | Reached XP level 6. HP: 41/59 MP: 6/6
  2653 | D:5      | Reached skill level 5 in Shapeshifting
  2759 | D:5      | Found an ancient bone altar of Kikubaaqudgha.
  2859 | D:5      | Reached XP level 7. HP: 40/66 MP: 7/7
  3118 | D:5      | You are sucked into a shaft and drop 1 floor!
  3130 | D:6      | Found a glowing drain.
  3139 | Sewer    | Entered a sewer
  3855 | D:6      | Reached skill level 5 in Unarmed Combat
  3925 | D:6      | Reached XP level 8. HP: 65/74 MP: 8/8
  4424 | D:5      | Found a sacrificial altar of Ru.
  4739 | D:6      | Found an iron altar of Okawaru.
  4868 | D:6      | Found a hide-covered altar of Uskayaw.
  5070 | D:7      | Found a staircase to the Ecumenical Temple.
  5081 | D:7      | Got the Book of Algid Changes
  5089 | Temple   | Entered the Ecumenical Temple
  5254 | D:7      | Reached XP level 9. HP: 65/80 MP: 9/9
  5441 | D:7      | Found a runed translucent gate.
  5441 | D:7      | Found a runed translucent gate.
  5442 | D:7      | Found a runed translucent gate.
  5444 | D:7      | Noticed Vadun's ghost (novice MiFi)
  6346 | D:8      | Found a sparkling altar of Nemelex Xobeh.
  6346 | D:8      | Found a transporter.
  6346 | D:8      | Noticed a tengu warrior
  6346 | D:8      | Noticed a two-headed ogre
  6503 | D:8      | Noticed a hornet
  6507 | D:8      | Paralysed by a hornet for 1 turns
  6509 | D:8      | Killed a hornet
  6515 | D:8      | HP: 4/80 [poisoned by a hornet]
  6815 | D:8      | Found Udulesef's Book Shoppe.
  6864 | D:8      | Noticed a hornet
  6869 | D:8      | Killed a hornet
  6875 | D:8      | Noticed a hornet
  6885 | D:8      | Killed a hornet
  7176 | D:8      | Noticed a two-headed ogre
  7180 | D:8      | Reached XP level 10. HP: 88/88 MP: 10/10
  7186 | D:8      | Killed a two-headed ogre
  7187 | D:8      | Reached skill level 10 in Shapeshifting
  7445 | D:8      | Found a shimmering blue altar of Sif Muna.
  8357 | D:9      | Noticed Maurice
  8364 | D:9      | Killed Maurice
  8614 | D:9      | Noticed Joseph
  8623 | D:9      | Killed Joseph
  9079 | D:9      | Found a hazy altar of Hepliaklqana.
  9226 | D:10     | Entered Level 10 of the Dungeon
  9318 | D:10     | Noticed a two-headed ogre
  9321 | D:10     | Noticed a two-headed ogre
  9413 | D:9      | Killed a two-headed ogre
  9414 | D:9      | Reached skill level 5 in Fighting
  9491 | D:10     | Killed a two-headed ogre
  9492 | D:10     | Reached XP level 11. HP: 105/105 MP: 11/11
 10101 | D:10     | Found a snail-covered altar of Cheibriados.
 10369 | D:11     | Found a runed translucent door.
 10369 | D:11     | Noticed Demosthentine's ghost (journeyman DsGl)
 10371 | D:11     | Noticed a two-headed ogre
 10372 | D:11     | Found a staircase to the Orcish Mines.
 10378 | D:11     | Killed a two-headed ogre
 10533 | D:11     | Noticed a cyclops
 10544 | D:11     | Killed a cyclops
 10603 | D:11     | Noticed a two-headed ogre
 10609 | D:11     | Killed a two-headed ogre
 10718 | D:11     | Reached skill level 5 in Dodging
 11237 | D:11     | Noticed a cyclops
 11241 | D:11     | Found a staircase to the Lair.
 11331 | D:10     | Killed a cyclops
 11844 | D:11     | Found a runed translucent door.
 12063 | D:11     | Found Xuabos's Assorted Antiques.
 12387 | D:11     | Noticed a minotaur
 12393 | D:11     | Killed a minotaur
 12733 | D:12     | Found Xuecu's Distillery.
 12734 | D:12     | Identified a scroll of acquirement
 12867 | D:12     | Noticed a deep elf pyromancer
 12873 | D:12     | Killed a deep elf pyromancer
 13339 | D:12     | Found Yczes's General Store.
 13425 | D:12     | Noticed a harpy
 13426 | D:12     | Noticed a cyclops
 13432 | D:12     | Killed a harpy
 13433 | D:12     | Reached skill level 10 in Unarmed Combat
 13433 | D:12     | Reached XP level 12. HP: 119/122 MP: 12/12
 13723 | D:12     | Found Huhazukinu's General Store.
 13728 | D:12     | Noticed a two-headed ogre
 13734 | D:12     | Killed a two-headed ogre
 13850 | D:12     | Found Hidibb's Weapon Emporium.
 13967 | D:12     | Found Umuymp's General Store.
 14119 | Lair:1   | Entered Level 1 of the Lair of Beasts
 14150 | Lair:1   | Found a frozen archway.
 14178 | Lair:1   | Noticed Erica
 14191 | Lair:1   | Killed Erica
 14210 | IceCv    | Entered an ice cave
 14357 | IceCv    | Noticed a death yak
 14381 | IceCv    | Killed a death yak
 14382 | IceCv    | Reached skill level 10 in Fighting
 14492 | IceCv    | Noticed a death yak
 14501 | IceCv    | Killed a death yak
 14505 | IceCv    | Noticed a death yak
 14513 | IceCv    | Killed a death yak
 14514 | IceCv    | Noticed a death yak
 14522 | IceCv    | Killed a death yak
 14932 | IceCv    | Noticed a death yak
 14946 | IceCv    | Killed a death yak
 15048 | IceCv    | Noticed a death yak
 15052 | IceCv    | Noticed a death yak
 15055 | IceCv    | Killed a death yak
 15060 | IceCv    | Reached XP level 13. HP: 136/136 MP: 13/13
 15315 | IceCv    | Noticed a frost giant
 15355 | IceCv    | Killed a frost giant
 15902 | Lair:1   | Noticed Prince Ribbit
 15921 | Lair:1   | Killed Prince Ribbit
 16502 | Lair:1   | You fall into a shaft and drop 1 floor!
 17106 | Lair:2   | Noticed Amaemon
 17116 | Lair:2   | Killed Amaemon
 17203 | Lair:2   | Found a staircase to the Swamp.
 17210 | Lair:2   | Noticed Sonja
 17213 | Lair:2   | Killed Sonja
 17361 | D:9      | Became a worshipper of Hepliaklqana the Forgotten
 18304 | Lair:2   | Reached XP level 14. HP: 148/148 MP: 14/14
 18628 | Lair:3   | Found a staircase to the Snake Pit.
 18886 | Lair:3   | Reached skill level 10 in Dodging
 19117 | Lair:3   | Noticed Nessos
 19125 | Lair:3   | Killed Nessos
 19301 | Lair:3   | Reached * piety under Hepliaklqana
 19833 | Lair:4   | Found a hazy altar of Hepliaklqana.
 20548 | Lair:4   | Found a viscous altar of Jiyva.
 20548 | Lair:4   | Found a staircase to the Slime Pits.
 20928 | Lair:4   | Reached ** piety under Hepliaklqana
 20929 | Lair:4   | Remembered your ancestor Fikile as a knight
 21075 | Lair:4   | Found a snail-covered altar of Cheibriados.
 21152 | Lair:5   | Entered Level 5 of the Lair of Beasts
 21547 | Lair:5   | Reached XP level 15. HP: 140/140 MP: 15/15
 22371 | Lair:5   | Identified the +7 mace "Weosuw" {flame, rN+ Int+5}
 22378 | Lair:5   | Identified the ring "Menket" {rPois Will+ Str+6 Int+3}
 22823 | Orc:1    | Entered Level 1 of the Orcish Mines
 22892 | Orc:1    | Noticed Urug
 22898 | Orc:1    | Killed Urug
 22980 | Orc:1    | Reached *** piety under Hepliaklqana
 23537 | Orc:1    | Noticed Fannar
 23542 | Orc:1    | Killed Fannar
 23828 | Orc:2    | Entered Level 2 of the Orcish Mines
 23876 | Orc:2    | Gained mutation: You possess an exceptional clarity of
                  | mind. [a neqoxec]
 24414 | Orc:2    | Noticed Azrael
 24424 | Orc:2    | HP: 7/168 [hell hound/blast of flame[Azrael] (9)]
 24424 | Orc:2    | Killed from afar by Azrael

Illustrated notes

Levels and vault maps discovered:
D:1:      dpeg_arrival_arbitrary_a, layout_rooms, serial_shops, shop
D:2:      layout_rooms, ebering_ecumenical_altar_ruins, basic_altar
D:3:      layout_basic, mainiacjoe_overflow_boulevard
D:4:      layout_loops_corners
D:5:      layout_cave_pools, nicolae_ru_great_annihilating_truth,
          kiku_gazebo_garden_becter, chequers_jeans
D:6:      layout_rooms, lemuel_tele_altar, mainiacjoe_overflow_tiny_flanked,
          nicolae_overflow_hidden_temple, cheibrodos_sewer_entry_drain,
          minmay_fractal_squares_5
D:7:      layout_basic, minmay_temple_entry_butterflies,
          gammafunk_ghost_necromancy, dk_noncrumbling_4, serial_bayou_pond_a,
          lemuel_flame_loot_1
D:8:      minmay_bubble_buster, layout_basic, grunt_nemelex_the_gamble,
          mainiacjoe_overflow_alcove_4, serial_curves, eino_curves_03,
          eino_curves_03, serial_shops, nicolae_shop_back_alley_shop
D:9:      layout_loops_corners, lemuel_coloured_pillars_altar, st_stairs_7,
          serial_bayou_pond_a, uniq_maurice, uniq_joseph
D:10:     layout_basic, general_overflow_altar, kennysheep_potato
D:11:     dreamdust_labyrinth, layout_basic, erik_lair_island, serial_shops,
          shop, hellmonk_ghost_happy_afterlife
D:12:     layout_loops_ring, serial_shops, nicolae_shop_waterfront,
          nicolae_diamond_shop, shop, nicolae_shop_rolling_square, shop
Temple:   hellmonk_temple_two_chambers
Lair:1:   layout_gridlike, portal_ice_cave_entry_imps, uniq_prince_ribbit2,
          uniq_erica
Lair:2:   layout_gridlike, skrybe_swamp_entry_bodies, gauntlet_entry_generic,
          uniq_amaemon, uniq_sonja
Lair:3:   layout_misc_corridors, minmay_snake_entry_guardpost_small,
          grunt_megastairs_2, uniq_nessos
Lair:4:   layout_cave_pods, dpeg_slime_entry_enclosed, basic_altar,
          lemuel_centaur_altar
Lair:5:   grunt_lair_end_beastmaster, layout_misc_corridors
Orc:1:    layout_diamond_mine, nicolae_orc_bridge_out,
          hellmonk_guarded_unrand_dark_maul, uniq_urug, uniq_fannar
Orc:2:    kennysheep_orc_mage_school, layout_caves, uniq_azrael

Skill      XL: |  1  2  3  4  5  6  7  8  9 10 11 12 13 14 15 |
---------------+----------------------------------------------+-----
Unarmed Combat | 2 3 4 5 6 7 9 10 11 12 13 14 | 14.2
Shapeshifting  | 4 5 6 8 9 10 11 12 13 14 | 14.7
Fighting       | 5 8 10 11 | 11.7
Dodging        | 4 6 7 9 11 12 | 12.2

Action                     |  1- 3 |  4- 6 |  7- 9 | 10-12 | 13-15 || total
---------------------------+-------+-------+-------+-------+-------++-------
  Melee: Unarmed           |    75 |    36 |       |   274 |   607 ||   992
         Punch             |     1 |     2 |     8 |     1 |       ||    12
         Constrict         |     7 |     9 |       |    69 |   161 ||   246
         Short sword       |       |    56 |   234 |    14 |       ||   304
 Invoke: Ancestor Life: Kn |       |       |       |       |     1 ||     1
    Use: Scroll            |       |       |    15 |    11 |     5 ||    31
         Potion            |       |       |     1 |       |       ||     1
   Stab: Sleeping          |       |     1 |       |     1 |       ||     2
         Paralysed         |       |       |     1 |       |       ||     1
         Distracted        |       |       |       |       |     2 ||     2
 Armour: Animal skin       |    13 |     8 |    27 |       |       ||    48
         Skin              |    11 |     8 |    15 |   100 |   234 ||   368
         Troll leather arm |       |       |       |     1 |       ||     1
  Dodge: Dodged            |    31 |    27 |    59 |   137 |   331 ||   585
   Form: Anaconda          |     1 |       |       |     4 |       ||     5
         Beast             |       |     1 |       |     1 |       ||     2
         Blade             |       |       |       |     2 |       ||     2
                           |       |       |       |     1 |       ||     1

Table legend: (Time is in decaauts)
 A = Elapsed time spent in this place.
 B = Non-inter-level travel time spent in this place.
 C = Inter-level travel time spent in this place.
 D = Time resting spent in this place.
 E = Time spent auto-exploring this place.
 F = Levels seen in this place.
 G = Mean time per level.
                   A        B        C        D        E       F      G
               +--------+--------+--------+--------+--------+-----+--------+
         Total |  24138 |  23264 |    874 |   2207 |  17817 |  22 | 1097.2 |
       Dungeon |  13531 |  12930 |    601 |   2023 |   9288 |  12 | 1127.6 |
        Temple |     21 |     21 |      0 |      0 |     12 |   1 |   21.0 |
          Lair |   6725 |   6476 |    249 |     59 |   5455 |   5 | 1345.0 |
  Orcish Mines |   1576 |   1553 |     23 |      0 |   1382 |   2 |  788.0 |
         Sewer |    676 |    676 |      0 |      0 |    514 |   1 |  676.0 |
      Ice Cave |   1606 |   1606 |      0 |    125 |   1166 |   1 | 1606.0 |
               +--------+--------+--------+--------+--------+-----+--------+

Top non-repeatable levels by time:
    D:11: 2554 daAuts
     D:8: 1886 daAuts
   IceCv: 1606 daAuts
  Lair:5: 1556 daAuts
     D:9: 1482 daAuts
  Lair:2: 1429 daAuts
  Lair:3: 1401 daAuts
  Lair:4: 1314 daAuts
    D:10: 1201 daAuts
    D:12: 1121 daAuts
     D:7: 1033 daAuts
  Lair:1: 1022 daAuts
   Orc:1: 991 daAuts
     D:4: 980 daAuts
     D:6: 977 daAuts
